 Dungeon Crawl Stone Soup version 0.23.0-42-geed6394480 (webtiles) character file.

Game seed: 11030032698340856912

74 Ivernyr the Magician (level 4, -4/22 HPs)
             Began as a Vine Stalker Wizard on Mar 1, 2019.
             Slain by a killer bee (5 damage)
             ... on level 3 of the Dungeon.
             The game lasted 00:11:38 (2621 turns).

Ivernyr the Magician (Vine Stalker Wizard)          Turns: 2621, Time: 00:11:39

Health: -4/22      AC:  2    Str:  9    XL:     4   Next: 28%
Magic:  0/10       EV: 11    Int: 23    God:
Gold:   140        SH:  0    Dex: 13    Spells: 1/10 levels left

rFire    + . .     SeeInvis .   c - +0 spear
rCold    . . .     Gourm    .   (no shield)
rNeg     . . .     Faith    .   a - +0 robe
rPois    .         Spirit   +   b - +0 hat
rElec    .         Reflect  .   (no cloak)
rCorr    .         Harm     .   (no gloves)
MR       .....                  (no boots)
Stlth    ++........             (no amulet)
HPRegen  0.47/turn              f - ring of protection from fire
MPRegen  0.12/turn              h - +4 ring of intelligence

@: lethally poisoned (-4 -> -5), very slightly contaminated, heavily drained
A: fangs 2, regeneration 1, magic shield, antimagic bite, no potion heal 3, rot
immunity
a: no special abilities


You were on level 3 of the Dungeon.
You were hungry.

You visited 1 branch of the dungeon, and saw 3 of its levels.

You collected 140 gold pieces.

Inventory:

Hand Weapons
 c - a +0 spear (weapon)
Armour
 a - a +0 robe (worn)
 b - a +0 hat (worn)
Jewellery
 f - a ring of protection from fire (left hand)
 h - a +4 ring of intelligence (right hand)
Scrolls
 i - a scroll of identify {unknown}
Potions
 e - a potion of degeneration {unknown}
 g - 2 potions of might {unknown}
Comestibles
 d - 3 rations


   Skills:
 + Level 1.2(0.0) Fighting
 + Level 2.1(0.6) Dodging
 - Level 2.4(0.9) Stealth
 + Level 3.7(2.2) Spellcasting
 * Level 2.5(1.0) Conjurations
   Level 1.0(0.0) Summonings
 - Level 1.0(0.0) Translocations


You had one spell level left.
You knew the following spells:

 Your Spells              Type           Power        Failure   Level  Hunger
a - Magic Dart            Conj           #...         9%          1    None
b - Blink                 Tloc           N/A          19%         2    ##.....
c - Conjure Flame         Conj/Fire      #.......     30%         3    ###....
d - Mephitic Cloud        Conj/Pois/Air  #.......     32%         3    ###....

Your spell library contained the following spells:

 Spells                   Type           Power        Failure   Level  Hunger
 Confusing Touch          Hex            #.....       13%         1    None
 Call Imp                 Summ           #.......     19%         2    ##.....
 Slow                     Hex            #.......     19%         2    ##.....
 Confuse                  Hex            #.......     36%         3    ###....
 Gell's Gravitas          Tloc           #.........   36%         3    ###....
 Petrify                  Tmut/Erth      #.......     77%         4    ####...
 Metabolic Englaciation   Hex/Ice        #.........   98%         5    ######.
 Yara's Violent Unravell  Hex/Tmut       #.........   98%         5    ######.


Dungeon Overview and Level Annotations

Branches:
Dungeon (3/15)

Altars:


Innate Abilities, Weirdness & Mutations

You have extremely sharp teeth.
Your natural rate of healing is unusually fast.
When hurt, damage is shared between your health and your magic reserves.
Your bite disrupts and absorbs the magic of your enemies.
Potions cannot restore your health.
You are immune to rotting.


Message History

You miscast Mephitic Cloud.
You are very lightly contaminated with residual magic.
The wind howls around you! The killer bee completely misses you.
The killer bee stings you.
You are poisoned.
The killer bee poisons you!
Casting: Mephitic Cloud (safe; 32% risk of failure)
Confirm with . or Enter, or press ? or * to list all spells.
You don't have enough magic to cast that spell.
You feel sick.
A killer bee comes into view.
You feel sick. The killer bee stings you.
* * * LOW HITPOINT WARNING * * *
* * * LOW HITPOINT WARNING * * *
You feel sick.
Okay, then.
The killer bee stings you.
* * * LOW HITPOINT WARNING * * *
You feel sick. The killer bee stings you.
You die...

#(# .g #.# .#
#.#####y#
#.y.)..y#
#..####>....#
#. ##y..##
#.#### #.
##.y...## .#
#.##y......## #
#..@y.........#
#........######
#........#
##.....#.#
#.....#.#
#.####..# #.#
.## #.# .# #.#
.#


You could see 5 killer bees.

Vanquished Creatures
  An adder (D:2)
  An ooze (D:1)
  2 worms (D:2)
  A leopard gecko (D:3)
  2 giant cockroaches (D:2)
  4 goblins
  13 hobgoblins
  3 jackals (D:3)
  2 ball pythons
  6 bats
  2 frilled lizards (D:2)
  9 kobolds
  6 rats
52 creatures vanquished.

Notes
Turn   | Place    | Note
-------+----------+-------------------------------------------
     0 | D:1      | Ivernyr the Vine Stalker Wizard began the quest for the
                  | Orb.
     0 | D:1      | Reached XP level 1. HP: 9/9 MP: 5/5
   205 | D:1      | Reached XP level 2. HP: 14/14 MP: 0/7
   318 | D:1      | Learned a level 2 spell: Blink
  1172 | D:2      | Reached XP level 3. HP: 17/17 MP: 0/9
  1461 | D:2      | Reached skill level 1 in Fighting
  1598 | D:2      | Learned a level 3 spell: Conjure Flame
  1602 | D:2      | Learned a level 3 spell: Mephitic Cloud
  1876 | D:2      | Gained mutation: Your natural rate of healing is unusually
                  | fast. [Vine Stalker growth]
  1876 | D:2      | Reached XP level 4. HP: 16/22 MP: 2/10
  2068 | D:2      | Found a faded altar of an unknown god.
  2618 | D:3      | HP: 1/22 [killer bee (5)]
  2621 | D:3      | Slain by a killer bee

Skill      XL: |  1  2  3 |
---------------+----------+-----
Conjurations   | 2 |  2.5
Fighting       | 1 |  1.2
Dodging        | 2 |  2.1
Stealth        | |  2.4
Spellcasting   | |  3.7
Summonings     | |  1.0
Translocations | |  1.0

Action                   |  1- 3 |  4- 6 || total
-------------------------+-------+-------++-------
Melee: Unarmed           |    12 |       ||    12
       Bite              |    12 |     1 ||    13
       Spear             |    52 |     8 ||    60
 Cast: Magic Dart        |   100 |    37 ||   137
  Eat: Chunk             |     3 |     2 ||     5
Armor: Robe              |    21 |     1 ||    22
Dodge: Dodged            |    57 |    18 ||    75
